[Event "Late-Titled-Tuesday-Blitz-March-19-2024"]
[Site "Chess.com"]
[Date "2024.03.19"]
[Round "9"]
[White "DeTimmerman"]
[Black "masnyszachistaaa"]
[Result "1-0"]
[WhiteElo "2756"]
[BlackElo "2566"]
[TimeControl "180+1"]
[EndTime "15:42:17 PDT"]
[Termination "DeTimmerman won on time"]

1. b4 d5 2. Bb2 Nf6 3. e3 g6 4. c4 c6 5. a4 Bg7 6. Nf3 O-O 7. Be2 Na6 8. b5 Nc5 9. O-O Bf5 10. d4 Nce4 11. Nc3 Nxc3 12. Bxc3 Ne4 13. Bb4 c5 14.
dxc5 Bxa1 15. Qxa1 dxc4 16. Bxc4 Qc7 17. Rc1 Rac8 18. Nd4 Qe5 19. c6 b6 20. Nxf5 Qxf5 21. f3 Nd6 22. Bf1 Rfd8 23. Qc3 Rc7 24. Ba3 Ne8 25. Bb2 Nf6 26. e4 Qg5 27. Qe5 Qxe5 28. Bxe5 Rcc8 29. Ra1 Ne8 30. a5 Nc7 31. axb6 axb6 32.
Ra7 Ne6 33. Rxe7 Rd1 34. Kf2 Rb1 35. Bc4 Kf8 36. Rb7 Nd8 37. Rxb6 Rb4 38. Bd6+ 1-0

[Event "Late-Titled-Tuesday-Blitz-March-19-2024"]
[Site "Chess.com"]
[Date "2024.03.19"]
[Round "9"]
[White "jcibarra"]
[Black "kingofthenil"]
[Result "1-0"]
[WhiteElo "2947"]
[BlackElo "2782"]
[TimeControl "180+1"]
[EndTime "15:42:19 PDT"]
[Termination "jcibarra won on time"]

1. e4 Nc6 2. Nf3 d5 3. exd5 Qxd5 4. d4 Bg4 5. Be2 O-O-O 6. c4 Qh5 7. Be3 e5 8. d5 Nf6 9. Qa4 Nd4 10. Qxa7 Nc2+ 11.
Kd2 Nxe3 12. fxe3 Ne4+ 13. Kc1 Bc5 14. Qa8+ Kd7 15. Qa4+ Ke7 16. Qb3 Ng3 17. Re1 Nxe2+ 18. Rxe2 Bxf3 19. gxf3 Qxf3 20. Kd2 Rd6 21. Qxb7 Bb6 22.
Nc3 Rhd8 23. Rae1 R8d7 24. Qa8 c6 25. Kc2 cxd5 26. cxd5 Rc7 27. Kb1 1-0

[Event "Late-Titled-Tuesday-Blitz-March-19-2024"]
[Site "Chess.com"]
[Date "2024.03.19"]
[Round "9"]
[White "IMRosen"]
[Black "ATM622"]
[Result "0-1"]
[WhiteElo "2618"]
[BlackElo "2522"]
[TimeControl "180+1"]
[EndTime "15:42:19 PDT"]
[Termination "ATM622 won by resignation"]

1. d4 Nf6 2. Bf4 e6 3. e3 d5 4. Nf3 Bd6 5. Ne5 O-O 6. Nd2 c6 7. Bd3 Qc7 8. h4 Nbd7 9. Ndf3 Ne4 10. Nxd7 Bxd7 11. Bxd6 Qxd6 12. Ng5 f5 13. Nf3 Qb4+ 14. Kf1 Qxb2 15. Rb1 Qxa2 16. Rxb7 Rfd8 17. Kg1 a5 18. Bxe4 dxe4 19. Ne5 Be8 20. h5 h6 21. Kh2 a4 22. f4 c5 23. c3 cxd4 24. cxd4 Rac8 25. Qe1 Rb8 26. Re7 Qa3 27. Ra7 Qf8 28. Qa5 Qf6 29. g3 Rb2+ 30. Kh3 Rc8 31. Rc7 Rxc7 32.
Qxc7 Bxh5 33. Qc3 Bg4+ 34. Nxg4 fxg4+ 35. Kxg4 Qf5+ 36. Kh4 h5 37. Qc8+ Kh7 38. Qxe6 Qxe6 39. Kxh5 Qh6+ 40. Kg4 Qxh1 41. Kf5 Qh3+ 42. g4 Qf3 43. g5 Rb5+ 44. d5 Rxd5+ 45. Ke6 Rb5 46. g6+ Kxg6 47. f5+ Qxf5+ 0-1

[Event "Late-Titled-Tuesday-Blitz-March-19-2024"]
[Site "Chess.com"]
[Date "2024.03.19"]
[Round "9"]
[White "Navyblue1"]
[Black "protectiago"]
[Result "1-0"]
[WhiteElo "2217"]
[BlackElo "2067"]
[TimeControl "180+1"]
[EndTime "15:42:19 PDT"]
[Termination "Navyblue1 won by resignation"]

1. d4 Nf6 2. c4 g6 3. Nc3 d5 4. Nf3 Bg7 5. Qb3 dxc4 6. Qxc4 O-O 7. Bf4 Na6 8. e4 c5 9. d5 Nb4 10. Qb3 e6 11. a3 Qa5 12. Rd1 Na6 13. Bd2 Qb6 14.
Qxb6 axb6 15. d6 Nd7 16. Bb5 Nab8 17. O-O Nc6 18. Rfe1 Nce5 19. Nxe5 Nxe5 20. Bf4 Nc6 21. d7 Bxd7 22. Rxd7 Nd4 23. Rxb7 e5 24. Be3 Nc2 25. Re2 Rfd8 26. Rxc2 1-0

[Event "Late-Titled-Tuesday-Blitz-March-19-2024"]
[Site "Chess.com"]
[Date "2024.03.19"]
[Round "9"]
[White "malakismayil"]
[Black "schondeln"]
[Result "1-0"]
[WhiteElo "2514"]
[BlackElo "2374"]
[TimeControl "180+1"]
[EndTime "15:42:23 PDT"]
[Termination "malakismayil won by resignation"]

1. e4 d5 2. exd5 Qxd5 3. Nc3 Qa5 4. Bc4 Nf6 5. Nf3 Bf5 6. d3 e6 7. Bd2 c6 8. O-O Nbd7 9. Qe2 Qc7 10. Nd4 O-O-O 11.
Nxf5 exf5 12. Bxf7 Bd6 13. h3 Kb8 14. Bb3 g5 15.
Bxg5 Rde8 16. Qf3 f4 17. Bxf6 Nxf6 18. Ne4 Nd7 19. Rae1 Ref8 20. Ng5 Ne5 21. Rxe5 Bxe5 22. Ne6 Qd6 23. Nxf8 Rxf8 24. c3 c5 25. Re1 a6 26.
Qe4 Bf6 27. Qxh7 f3 28. Re6 Qf4 29. Re3 fxg2 30. Bd5 Bg7 31. Bf3 Qg5 32. Qe4 Rf7 33. Qe8+ Ka7 34. Qxf7 1-0

[Event "Late-Titled-Tuesday-Blitz-March-19-2024"]
[Site "Chess.com"]
[Date "2024.03.19"]
[Round "9"]
[White "1g60-1"]
[Black "sacrifoice"]
[Result "1-0"]
[WhiteElo "2379"]
[BlackElo "2242"]
[TimeControl "180+1"]
[EndTime "15:42:25 PDT"]
[Termination "1g60-1 won by resignation"]

1. e4 c5 2. d4 d6 3. c3 cxd4 4. cxd4 Nf6 5. Nc3 g6 6. Nf3 Bg7 7. Bd3 O-O 8. O-O Nc6 9. h3 Bd7 10. Bg5 a6 11. Rc1 Rc8 12. Qd2 e5 13. d5 Ne7 14.
Bh6 Nh5 15. Bxg7 Kxg7 16. Ne2 Ng8 17. Qb4 Rxc1 18. Rxc1 Qb8 19. Qb6 Rc8 20. Rxc8 Bxc8 21. Qd8 Nhf6 22. Nd2 b5 23. Nb3 Nd7 24. Na5 Ngf6 25.
Nc6 Qb7 26. Nc1 h5 27. Nb3 Nc5 28. Nxc5 dxc5 29. Nxe5 c4 30. Bc2 Bd7 31. Qe7 Qc8 32. Qxf7+ 1-0

[Event "Late-Titled-Tuesday-Blitz-March-19-2024"]
[Site "Chess.com"]
[Date "2024.03.19"]
[Round "9"]
[White "chessamical"]
[Black "cthake"]
[Result "1-0"]
[WhiteElo "2270"]
[BlackElo "1832"]
[TimeControl "180+1"]
[EndTime "15:42:25 PDT"]
[Termination "chessamical won on time"]

1. d4 e6 2. Bf4 f5 3. e3 Nf6 4.
Nf3 g6 5. c4 Bg7 6. Nc3 O-O 7.
Be2 d6 8. Rc1 Qe8 9. c5 Nh5 10.
Bg5 d5 11. Nb5 Na6 12. Ne5 Bd7 13. a4 Nf6 14. O-O h6 15. Bxf6 Bxf6 16. f4 Bg7 17.
Rf3 Nb4 18. Rg3 Kh7 19. Nxc7 Qe7 20. Nxg6 Qf7 21. Nxa8 Rxa8 22. Ne5 Qe7 23. Qb3 a5 24. Bb5 Bxb5 25. axb5 1-0

[Event "Late-Titled-Tuesday-Blitz-March-19-2024"]
[Site "Chess.com"]
[Date "2024.03.19"]
[Round "9"]
[White "aistrel"]
[Black "Evgeny81"]
[Result "1-0"]
[WhiteElo "2662"]
[BlackElo "2765"]
[TimeControl "180+1"]
[EndTime "15:42:26 PDT"]
[Termination "aistrel won by resignation"]

1. d4 c5 2. d5 g6 3. e4 Bg7 4.
Nc3 d6 5. Be3 Nf6 6. Qd2 a6 7.
Bh6 Bxh6 8. Qxh6 b5 9. f3 Nbd7 10. a4 b4 11. Nd1 Ne5 12. Ne3 b3 13. c3 Qa5 14. Nc4 Nxc4 15. Bxc4 Bd7 16. Ne2 Bb5 17. Bxb3 Bxe2 18. Kxe2 Rb8 19. Ra3 c4 20. Bc2 Rxb2 21. Qc1 Rb7 22. Qh6 Rb2 23. Qc1 Qb6 24. a5 Qb7 25. Ra1 O-O 26. Rb1 Rb5 27. Ba4 Rxb1 28. Qxb1 Qc8 29. Qb6 e6 30. Qxd6 exd5 31. Qxf6 dxe4 32.
fxe4 Qc5 33. Rf1 Qxa5 34. Bc6 Qa2+ 35. Ke3 Qxg2 36. Bd5 Qh3+ 37. Rf3 Qd7 38. h4 Qa7+ 39.
Ke2 1-0

[Event "Late-Titled-Tuesday-Blitz-March-19-2024"]
[Site "Chess.com"]
[Date "2024.03.19"]
[Round "9"]
[White "Blitzstream"]
[Black "bescmelasti"]
[Result "1-0"]
[WhiteElo "2849"]
[BlackElo "2694"]
[TimeControl "180+1"]
[EndTime "15:42:30 PDT"]
[Termination "Blitzstream won on time"]

1. e4 c5 2. Nf3 e6 3. g3 Nc6 4. Bg2 Nf6 5. Nc3 d5 6. exd5 exd5 7. O-O d4 8. Re1+ Be7 9. Ne4 O-O 10. d3 Nxe4 11. Rxe4 Bf5 12. Re1 Bd6 13. Bg5 Qd7 14. Qd2 Rfe8 15. Bf4 h6 16. a3 Bf8 17. Ne5 Nxe5 18.
Bxe5 f6 19. Bf4 g5 20. g4 Bxg4 21. Bg3 Bh3 22. Bf3 Bg4 23. Bg2 Bh3 24. Bf3 Bd6 25. Qa5 b6 26. Qa6 Rad8 27. Qc4+ Kg7 28. Bh5 Qb7 29. f3 Bxg3 30. hxg3 Re5 31. Rxe5 fxe5 32.
Re1 Qd5 33. Qxd5 Rxd5 34. g4 b5 35. Kh2 c4 36. Kxh3 c3 37. bxc3 dxc3 38. Rb1 a6 39.
Rb4 Rd8 40. Kg3 Kf6 41. Kf2 Rd4 42. Ke3 Rd6 43. a4 bxa4 44. Rxa4 Rb6 45. Ra3 Rc6 46.
Be8 Rc8 47. Rxa6+ 1-0

[Event "Late-Titled-Tuesday-Blitz-March-19-2024"]
[Site "Chess.com"]
[Date "2024.03.19"]
[Round "9"]
[White "Heliosis11"]
[Black "Kopytkin"]
[Result "1-0"]
[WhiteElo "2275"]
[BlackElo "2407"]
[TimeControl "180+1"]
[EndTime "15:42:30 PDT"]
[Termination "Heliosis11 won on time"]

1. e4 d5 2. exd5 Nf6 3. Bb5+ Nbd7 4. Nc3 a6 5. Bc4 b5 6. Bb3 Bb7 7. d4 Nb6 8. Nf3 Nbxd5 9. Nxd5 Nxd5 10. c3 g6 11. O-O Bg7 12. Re1 O-O 13. Bd2 Qd6 14.
a4 c5 15. dxc5 Qxc5 16. axb5 axb5 17. Qe2 e6 18. Ng5 Qc6 19. f3 Nb6 20. Nxf7 Rxa1 21. Rxa1 Rxf7 22. Bxe6 Bf8 23. Bxf7+ Kxf7 24. Re1 Bc5+ 25. Be3 Nc4 26. Bxc5 Qxc5+ 27. Kh1 Qd6 28. Qe8+ Kf6 29. Qh8+ Kg5 30. Qxh7 Nd2 31. Qxb7 1-0

[Event "Late-Titled-Tuesday-Blitz-March-19-2024"]
[Site "Chess.com"]
[Date "2024.03.19"]
[Round "9"]
[White "ChessSwole"]
[Black "Zampronha1971"]
[Result "1/2-1/2"]
[WhiteElo "2666"]
[BlackElo "2343"]
[TimeControl "180+1"]
[EndTime "15:42:33 PDT"]
[Termination "Game drawn by repetition"]

1. e4 c5 2. Nf3 e6 3. d4 cxd4 4. Nxd4 Nc6 5. Nc3 Qc7 6. Be2 a6 7. Nxc6 bxc6 8. Qd3 Nf6 9. Qg3 Qxg3 10. hxg3 d5 11. Bg5 Bb4 12. Bxf6 gxf6 13. O-O-O Bxc3 14.
bxc3 Kf8 15. Rh4 Rb8 16. Rdh1 Kg7 17. Rg4+ Kf8 18. Rf4 Kg7 19. exd5 cxd5 20. c4 e5 21. Rfh4 d4 22. Bd3 h6 23. Re1 Be6 24. f4 Rhc8 25. fxe5 fxe5 26. Rxe5 Bxc4 27. Bf5 Rd8 28. a3 Kf6 29. Ra5 Rb5 30. Rxb5 axb5 31. g4 Kg7 32. Kd2 Ra8 33. Rh3 Re8 34. Bd3 Ra8 35. Be4 Re8 36.
Bd3 Ra8 37. Be4 Re8 38. Bd3 1/2-1/2

[Event "Late-Titled-Tuesday-Blitz-March-19-2024"]
[Site "Chess.com"]
[Date "2024.03.19"]
[Round "9"]
[White "newyorkmouse"]
[Black "ameetghasi100"]
[Result "1-0"]
[WhiteElo "2685"]
[BlackElo "2789"]
[TimeControl "180+1"]
[EndTime "15:42:36 PDT"]
[Termination "newyorkmouse won by resignation"]

1. b3 d6 2. d4 g6 3. Bb2 Bg7 4. Nf3 Nf6 5. g3 O-O 6. Bg2 b6 7. O-O Bb7 8. c4 e6 9. Nc3 Ne4 10. Qc1 Nd7 11. Rd1 Qe7 12. e3 Nxc3 13. Bxc3 Be4 14. Qd2 a5 15. a3 Rfd8 16. d5 e5 17.
b4 axb4 18. axb4 b5 19. cxb5 Nb6 20. Ne1 Bxg2 21. Kxg2 Qd7 22. Qe2 Rab8 23. e4 f5 24.
f3 Rf8 25. Nc2 h5 26. Ra7 Nc8 27. Ra5 Ne7 28. Ne1 Rb7 29. Rc1 Rfb8 30. Bd2 Bf6 31. Qc4 Kg7 32. Nd3 h4 33. Nf2 Rh8 34. Rca1 Ra8 35.
Rxa8 1-0

[Event "Late-Titled-Tuesday-Blitz-March-19-2024"]
[Site "Chess.com"]
[Date "2024.03.19"]
[Round "9"]
[White "Rud_Makarian"]
[Black "Jospem"]
[Result "1/2-1/2"]
[WhiteElo "3006"]
[BlackElo "3055"]
[TimeControl "180+1"]
[EndTime "15:42:41 PDT"]
[Termination "Game drawn by repetition"]

1. c4 c5 2. Nf3 Nc6 3. g3 g6 4. Bg2 Bg7 5. Nc3 d6 6. O-O e6 7. d3 Nge7 8. a3 O-O 9. Bd2 b6 10. b4 Rb8 11. b5 Nd4 12. a4 Bb7 13. Nxd4 cxd4 14. Na2 Bxg2 15. Kxg2 Qd7 16. Nb4 Rbc8 17. a5 d5 18. Qb3 dxc4 19. dxc4 d3 20. exd3 Bxa1 21.
Rxa1 Nf5 22. Bc3 Nd4 23. Bxd4 Qxd4 24. Ra3 Qd6 25. Nc6 Rxc6 26. bxc6 Qxc6+ 27. Kg1 Rd8 28. axb6 axb6 29. h4 h5 30. Qb2 Qc5 31. Rb3 e5 32.
Rb5 Qd4 33. Qxd4 Rxd4 34. Rxe5 Rxd3 35. Rb5 Rd4 36. Rxb6 Rxc4 37. Kg2 Rc3 38. Rb7 Rd3 39. Rb6 Rc3 40. Rb7 Rd3 41. Rb6 Rc3 1/2-1/2

[Event "Late-Titled-Tuesday-Blitz-March-19-2024"]
[Site "Chess.com"]
[Date "2024.03.19"]
[Round "9"]
[White "Pingah9"]
[Black "GodzillaChessYoutube"]
[Result "0-1"]
[WhiteElo "2586"]
[BlackElo "2708"]
[TimeControl "180+1"]
[EndTime "15:42:41 PDT"]
[Termination "GodzillaChessYoutube won by resignation"]

1. e4 c5 2. Nc3 e6 3. g3 Nc6 4. Bg2 g6 5. Nge2 Bg7 6. d3 d6 7. Be3 Rb8 8. a4 Nd4 9. Qd2 a6 10. O-O h5 11. h3 Ne7 12. Nd1 b6 13. Nc1 d5 14. c3 Ndc6 15. Qc2 d4 16. Bg5 e5 17.
Ne2 f6 18. Bd2 Be6 19. f4 Qd7 20. Kh2 h4 21. g4 Rd8 22. f5 gxf5 23. gxf5 Bf7 24.
c4 Nb4 25. Bxb4 cxb4 26. Nf2 Bh6 27. Ng4 Bg5 28. Qc1 Qd6 29. Qd1 Bh5 30. Bf3 Nc6 31. Ng1 Bf7 32. Bg2 Ke7 33. Nf3 Rdg8 34. Nxg5 Rxg5 35.
Bf3 Na5 36. b3 Nb7 37. Rg1 a5 38. Qd2 Nc5 39. Qc2 Rhg8 40. Nh6 Rxg1 41. Rxg1 Rxg1 42. Kxg1 Qd8 43. Bd1 Qh8 44. Ng4 Qg7 45. Kf2 Qg5 46. Bf3 Bh5 47. Be2 Bxg4 48. Bxg4 Qe3+ 0-1

[Event "Late-Titled-Tuesday-Blitz-March-19-2024"]
[Site "Chess.com"]
[Date "2024.03.19"]
[Round "9"]
[White "TheRigos"]
[Black "Der_Balak_3Halak"]
[Result "1-0"]
[WhiteElo "2573"]
[BlackElo "2421"]
[TimeControl "180+1"]
[EndTime "15:42:47 PDT"]
[Termination "TheRigos won by resignation"]

1. e4 c6 2. d4 d5 3. Nc3 dxe4 4. f3 e5 5. dxe5 Qxd1+ 6. Kxd1 exf3 7. Nxf3 Bg4 8. h3 Bxf3+ 9. gxf3 Nd7 10. f4 O-O-O 11. Bd3 g5 12. Ke2 gxf4 13. Bxf4 Bh6 14. Bh2 Ne7 15. Ne4 Nf5 16. Raf1 Nd4+ 17. Kd1 Bf8 18.
Rxf7 Nc5 19. Nxc5 Bxc5 20. c3 Ne6 21. Kc2 Rhf8 22. Rhf1 h5 23. Bf5 Rde8 24. Bxe6+ Rxe6 25. Rxf8+ Bxf8 26. Rxf8+ Kd7 27. Rf7+ Ke8 28. Rf6 Re7 29. Kd3 Rg7 30. e6 Ke7 31. Rf7+ Rxf7 32. exf7 Kxf7 33. Bb8 a6 34. Ke4 Ke6 35. h4 a5 36. a4 b5 37.
axb5 cxb5 38. Bc7 a4 39. Ba5 Kd6 40. Bb4+ Kc6 41. Ke5 1-0

[Event "Late-Titled-Tuesday-Blitz-March-19-2024"]
[Site "Chess.com"]
[Date "2024.03.19"]
[Round "9"]
[White "albi1999"]
[Black "MetiForce"]
[Result "0-1"]
[WhiteElo "2622"]
[BlackElo "2922"]
[TimeControl "180+1"]
[EndTime "15:42:49 PDT"]
[Termination "MetiForce won by checkmate"]

1. Nf3 d5 2. e3 Bg4 3. h3 Bxf3 4. Qxf3 c6 5. c4 Nf6 6. Nc3 e6 7. b3 Nbd7 8. Bb2 Bd6 9. d4 O-O 10. Be2 Qe7 11. O-O Ba3 12. Bxa3 Qxa3 13. e4 dxe4 14. Nxe4 Nxe4 15. Qxe4 Nf6 16. Qe3 a5 17. Qc1 Qb4 18. Rb1 Rfd8 19. Rd1 Rd7 20. a3 Qb6 21. Qc3 Rad8 22.
c5 Qc7 23. Bf3 h6 24. b4 axb4 25. axb4 Qf4 26. Qe3 Qf5 27. b5 Nd5 28. Bxd5 Rxd5 29. bxc6 bxc6 30. Rb6 Rxc5 31. dxc5 Rxd1+ 32. Kh2 Rd3 33. Qe2 Qf4+ 34. g3 Qd4 35. Kg2 Qd5+ 36. Kh2 Rd1 37.
g4 Rh1+ 38. Kg3 Rg1+ 39. Kh4 Qg5# 0-1

[Event "Late-Titled-Tuesday-Blitz-March-19-2024"]
[Site "Chess.com"]
[Date "2024.03.19"]
[Round "9"]
[White "newauto"]
[Black "kikoveiga"]
[Result "1-0"]
[WhiteElo "2174"]
[BlackElo "2457"]
[TimeControl "180+1"]
[EndTime "15:42:49 PDT"]
[Termination "newauto won on time"]

1. d4 Nf6 2. Nf3 e6 3. Bg5 d5 4.
e3 Be7 5. Bd3 O-O 6. c3 c5 7.
Nbd2 Nc6 8. Rc1 Re8 9. O-O h6 10. Bf4 Bd6 11. Ne5 Qc7 12. Ndf3 Nd7 13. Nxc6 bxc6 14.
Bxd6 Qxd6 15. Bb1 Ba6 16. Qc2 Bxf1 17. Qh7+ Kf8 18. Rxf1 Nf6 19. Qh8+ Ke7 20. Qxg7 Rg8 21. Qxh6 Rh8 22. Qf4 Qxf4 23. exf4 Rag8 24. Ne5 Rh4 25.
Nxc6+ Kd6 26. g3 Kxc6 27. f5 Rh6 28. fxe6 fxe6 29. Re1 Kd6 30. dxc5+ Kd7 31. c6+ Kd6 32.
Bc2 Rc8 33. Ba4 e5 34. f3 1-0

[Event "Late-Titled-Tuesday-Blitz-March-19-2024"]
[Site "Chess.com"]
[Date "2024.03.19"]
[Round "9"]
[White "woodhy"]
[Black "Bryanl106"]
[Result "0-1"]
[WhiteElo "2517"]
[BlackElo "2669"]
[TimeControl "180+1"]
[EndTime "15:42:50 PDT"]
[Termination "Bryanl106 won by resignation"]

1. e4 e5 2. Nf3 Nc6 3. Bb5 a6 4. Bxc6 dxc6 5. O-O Qf6 6. d4 exd4 7. e5 Qd8 8. Nxd4 Bc5 9. Be3 Bb6 10. Nc3 Ne7 11.
Qd2 O-O 12. Rad1 Nd5 13. Nxd5 Qxd5 14. Nf3 Qxa2 15. Bxb6 cxb6 16. Qb4 Qa5 17. Qe7 Bg4 18. Rd3 Bf5 19. Rc3 Rab8 20. Re1 Rfe8 21. Qc7 Rec8 22. Qe7 Qd5 23. h3 c5 24. Nh4 Be6 25. Rd3 Qc4 26.
Rg3 Kh8 27. Nf3 Re8 28. Qg5 Rg8 29. Qe7 Bd5 30. Ng5 Rge8 31. Qc7 Rbc8 32. Qxb6 Qb5 33. Qd6 Rcd8 34. Qc7 Rd7 35. c4 Bxc4 36. Nxf7+ Bxf7 37. e6 Rxc7 38. exf7 Rxe1+ 39. Kh2 Rxf7 40. Rd3 h6 41. Rd8+ Kh7 42. Rd2 Qf1 0-1

[Event "Late-Titled-Tuesday-Blitz-March-19-2024"]
[Site "Chess.com"]
[Date "2024.03.19"]
[Round "9"]
[White "Dr_Pepper18"]
[Black "simaopdias"]
[Result "1-0"]
[WhiteElo "2439"]
[BlackElo "2278"]
[TimeControl "180+1"]
[EndTime "15:42:50 PDT"]
[Termination "Dr_Pepper18 won by resignation"]

1. d4 d5 2. c4 e6 3. Nf3 Be7 4. g3 Nf6 5. Bg2 O-O 6. O-O Nbd7 7. Nbd2 b6 8. Ne5 Bb7 9. Ndf3 Nxe5 10. Nxe5 Qc8 11. Bf4 c5 12. Rc1 dxc4 13. Bxb7 Qxb7 14. Rxc4 Rfd8 15. Qc2 Nd5 16. dxc5 bxc5 17. Nd3 Rac8 18.
Be5 Nb4 19. Nxb4 cxb4 20. Rc1 Rxc4 21. Qxc4 h6 22. e3 a5 23. Bd4 Qe4 24. Qc7 Kf8 25. Bxg7+ Kxg7 26. Qxe7 Rd2 27. Qa7 Qf3 28. Rf1 Rxb2 29.
Qxa5 Qe4 30. a3 b3 31. Qc3+ 1-0

[Event "Late-Titled-Tuesday-Blitz-March-19-2024"]
[Site "Chess.com"]
[Date "2024.03.19"]
[Round "9"]
[White "Sacbutt"]
[Black "balack95"]
[Result "0-1"]
[WhiteElo "2308"]
[BlackElo "2437"]
[TimeControl "180+1"]
[EndTime "15:42:50 PDT"]
[Termination "balack95 won by resignation"]

1. e4 c5 2. Nf3 e6 3. d4 cxd4 4. c3 Nf6 5. e5 Nd5 6. cxd4 d6 7. Nc3 Nxc3 8. bxc3 Qc7 9. Bd2 Be7 10. exd6 Bxd6 11. Bd3 Nd7 12. O-O O-O 13. Qe2 Nf6 14. h3 Bf4 15. Bxf4 Qxf4 16. Qe5 Qxe5 17. Nxe5 Nd5 18. c4 Nf4 19. Rfd1 f6 20. Nf3 Bd7 21. Be4 Rac8 22. c5 b6 23. cxb6 axb6 24. Kh2 Bc6 25. Bxc6 Rxc6 26. Rac1 Rfc8 27. Rxc6 Rxc6 28. Rb1 Kf7 29.
Kg3 g5 30. h4 h6 31. hxg5 hxg5 32. Rb5 Ke7 33. a4 Ne2+ 34. Kh3 Nc3 35. Rb4 Kd6 36. Nd2 f5 37. Nc4+ Kc7 38. Ne5 g4+ 39. Kh2 Ne4 40.
Nxc6 Kxc6 41. f3 gxf3 42. gxf3 Nf2 43. Rb5 Nd3 44. Kg3 Kc7 45. Kh4 Ne1 46. f4 Nf3+ 47. Kh5 Nxd4 48. Rb4 Nc6 49. Rc4 Kd6 50. Kg6 Ne7+ 51.
Kf7 Nd5 52. Rc8 Nxf4 53. Rb8 Nd5 54. Rd8+ Ke5 55. Re8 Nc7 56. Re7 Kd6 57. Kf6 Nd5+ 0-1

[Event "Late-Titled-Tuesday-Blitz-March-19-2024"]
[Site "Chess.com"]
[Date "2024.03.19"]
[Round "9"]
[White "mbojan"]
[Black "CheckThis4"]
[Result "1-0"]
[WhiteElo "2819"]
[BlackElo "2684"]
[TimeControl "180+1"]
[EndTime "15:42:51 PDT"]
[Termination "mbojan won on time"]

1. e4 c5 2. Nf3 d6 3. d4 cxd4 4. Nxd4 Nf6 5. Nc3 g6 6. Be3 Bg7 7. f3 Nc6 8. Qd2 O-O 9. g4 Be6 10. O-O-O Nxd4 11. Bxd4 Qa5 12. Kb1 Rfc8 13. a3 Rab8 14.
h4 b5 15. Nd5 Qxd2 16. Rxd2 Nxd5 17. exd5 Bd7 18. h5 Bxd4 19. Rxd4 a5 20. Bd3 b4 21. axb4 Rxb4 22. Rxb4 axb4 23. Re1 Kf8 24. h6 Rc5 25. Re4 b3 26. Rb4 bxc2+ 27. Bxc2 f5 28. Rb8+ Rc8 29.
Rxc8+ Bxc8 30. g5 Bb7 31. Bb3 f4 32. Kc2 e5 33. dxe6 Bxf3 34. Kd3 Ke7 35. Kd4 Bb7 36. Bc2 f3 37. Ke3 Kf8 38. b4 1-0

[Event "Late-Titled-Tuesday-Blitz-March-19-2024"]
[Site "Chess.com"]
[Date "2024.03.19"]
[Round "9"]
[White "Narek_Ghimoyan"]
[Black "Lion-Al-Messi"]
[Result "1-0"]
[WhiteElo "2477"]
[BlackElo "2569"]
[TimeControl "180+1"]
[EndTime "15:42:53 PDT"]
[Termination "Narek_Ghimoyan won by resignation"]

1. d4 Nf6 2. c4 b6 3. Nf3 Bb7 4. g3 e6 5. Bg2 Be7 6. O-O O-O 7.
h4 c5 8. d5 exd5 9. Nh2 Na6 10. Nc3 Nc7 11. cxd5 d6 12. e4 b5 13. Ng4 b4 14.
Nxf6+ Bxf6 15. Ne2 Re8 16. Nf4 a5 17. Nh5 Be5 18. f4 Bd4+ 19. Kh2 g6 20. Qg4 Kh8 21. f5 gxh5 22. Qxh5 Qf6 23. Bg5 Qg7 24. Bh6 Qg8 25.
Rf4 Re7 26. f6 Bxf6 27. Rxf6 Ne8 28. Bg5 Ng7 29. Qf3 Rae8 30. Rf1 Ba6 31. Rf2 Bc8 32.
Rxf7 Rxf7 33. Qxf7 c4 34. Qc7 Ba6 35. Rf7 Rc8 36.
Qa7 Ra8 37. Qe7 Re8 38. Qf6 c3 39. Bh6 Qxf7 40. Qxf7 Rg8 41. Bxg7+ Rxg7 42. Qf8+ Rg8 43. Qf6+ Rg7 44. bxc3 bxc3 45. Qxc3 1-0

[Event "Late-Titled-Tuesday-Blitz-March-19-2024"]
[Site "Chess.com"]
[Date "2024.03.19"]
[Round "9"]
[White "Romkachess"]
[Black "dolynachess"]
[Result "1-0"]
[WhiteElo "2694"]
[BlackElo "2516"]
[TimeControl "180+1"]
[EndTime "15:42:54 PDT"]
[Termination "Romkachess won on time"]

1. e4 c5 2. Nf3 d6 3. d4 cxd4 4. Nxd4 Nf6 5. Nc3 g6 6. Be3 Nc6 7. Bc4 Ng4 8. Nxc6 bxc6 9. Qd4 e5 10. Qd3 Nxe3 11. Qxe3 Qb6 12. Qf3 Qc7 13. O-O Bg7 14. Rad1 O-O 15. Qd3 Rd8 16. f4 exf4 17. Rxf4 Be6 18.
Rdf1 Qb6+ 19. Kh1 Qxb2 20. Bxe6 fxe6 21. Ne2 Qe5 22. Qc4 Rac8 23. Qa6 Rc7 24. c3 Bh6 25.
R4f2 Qb5 26. Qa3 Be3 27. Nd4 Qd3 28. Rf3 1-0

[Event "Late-Titled-Tuesday-Blitz-March-19-2024"]
[Site "Chess.com"]
[Date "2024.03.19"]
[Round "9"]
[White "only_strong_moves"]
[Black "DFeco"]
[Result "0-1"]
[WhiteElo "2655"]
[BlackElo "2493"]
[TimeControl "180+1"]
[EndTime "15:42:55 PDT"]
[Termination "DFeco won by resignation"]

1. Nc3 e5 2. e4 Nf6 3. Bc4 Nxe4 4. Qh5 Nd6 5. Qxe5+ Qe7 6. Qxe7+ Bxe7 7. Bb3 O-O 8.
Nf3 c6 9. d4 Nf5 10. d5 Na6 11. O-O Nc5 12. Bc4 b5 13. Be2 b4 14. Nb1 cxd5 15. g4 Nh4 16. Nd4 f5 17. c3 a5 18.
a3 Ba6 19. Re1 Bxe2 20. Rxe2 Bf6 21. Nd2 Bxd4 22. cxd4 Ne6 23. Nb3 Nf3+ 24. Kg2 Nfxd4 25. Nxd4 Nxd4 26. Re5 Nb3 27. Rb1 Rae8 28. Rxd5 Re1 29. axb4 axb4 30. gxf5 Rxc1 31. Rxc1 Nxc1 32. Kf3 g6 33. Ke3 Rxf5 34. Rxd7 Re5+ 35. Kd4 Re2 36. Kc4 Rxb2 37. Kd5 Rd2+ 0-1

[Event "Late-Titled-Tuesday-Blitz-March-19-2024"]
[Site "Chess.com"]
[Date "2024.03.19"]
[Round "9"]
[White "AndresDelgado77"]
[Black "tarno17"]
[Result "1-0"]
[WhiteElo "2334"]
[BlackElo "2183"]
[TimeControl "180+1"]
[EndTime "15:42:55 PDT"]
[Termination "AndresDelgado77 won on time"]

1. e4 c5 2. Nf3 e6 3. b4 d5 4.
exd5 Qxd5 5. Nc3 Qd8 6. bxc5 Bxc5 7. d4 Bb4 8. Bd2 Nf6 9. Rb1 Qa5 10. Rxb4 Qxb4 11.
Nb5 Qe7 12. Bf4 O-O 13. Bd6 Qd8 14. Bxf8 Kxf8 15. Qd2 Nc6 16. Bd3 a6 17. Na3 b5 18.
c3 Bb7 19. O-O Qd5 20. Nc2 Qh5 21. Ne3 Ne7 22. Ne5 Kg8 23. Be2 Qh6 24. f4 Ned5 25. N3g4 Nxg4 26. Bxg4 Nf6 27. Bf3 Nh5 28. Bxb7 1-0

[Event "Late-Titled-Tuesday-Blitz-March-19-2024"]
[Site "Chess.com"]
[Date "2024.03.19"]
[Round "9"]
[White "nabukatnezarr"]
[Black "MusicCityMaster"]
[Result "1-0"]
[WhiteElo "2585"]
[BlackElo "2458"]
[TimeControl "180+1"]
[EndTime "15:42:57 PDT"]
[Termination "nabukatnezarr won by checkmate"]

1. e4 e6 2. d4 d5 3. e5 c5 4. c3 Nc6 5. Nf3 Qb6 6. Bd3 Bd7 7. O-O cxd4 8. Re1 Nge7 9. h4 Rc8 10. h5 h6 11. Nbd2 dxc3 12. bxc3 Na5 13. Rb1 Qc7 14. Bb2 b5 15. Nd4 a6 16. Qe2 Nec6 17. N2f3 Be7 18. Rbc1 Nc4 19. Ba1 O-O 20. Bb1 Nxd4 21. cxd4 f5 22.
exf6 Rxf6 23. Qd3 g6 24. hxg6 Be8 25. Ne5 Bf8 26. Qg3 Qg7 27. Ng4 Rxg6 28. Bxg6 Bxg6 29.
Rxe6 Kh8 30. Qh4 h5 31. Qg5 Bf7 32. Rh6+ Kg8 33. Nf6# 1-0

[Event "Late-Titled-Tuesday-Blitz-March-19-2024"]
[Site "Chess.com"]
[Date "2024.03.19"]
[Round "9"]
[White "norwaytoadog"]
[Black "secretsuperstar7"]
[Result "1/2-1/2"]
[WhiteElo "2361"]
[BlackElo "2477"]
[TimeControl "180+1"]
[EndTime "15:42:57 PDT"]
[Termination "Game drawn by repetition"]

1. e4 c5 2. Nf3 d6 3. Bb5+ Bd7 4.
Bxd7+ Nxd7 5. O-O Ngf6 6. Qe2 e5 7. c3 Be7 8. d4 O-O 9. Rd1 Qc7 10. Na3 a6 11. Nc4 b5 12. Ne3 g6 13. dxe5 Nxe5 14. Nxe5 dxe5 15. a4 c4 16. Qf3 Rfd8 17. axb5 axb5 18.
Rxa8 Rxa8 19. Ng4 Nxg4 20. Qxg4 Rd8 21. Be3 h5 22. Qf3 Rd3 23. Qe2 Rxd1+ 24. Qxd1 Qc6 25. f3 Bc5 26. Bxc5 Qxc5+ 27. Kf1 Qe3 28. Qe1 Qf4 29.
Kg1 Kg7 30. Qd1 Qe3+ 31. Kf1 h4 32. Qe1 Qf4 33. Kg1 h3 34. Qd1 Qe3+ 35. Kf1 hxg2+ 36. Kxg2 Qg5+ 37. Kf2 Qh4+ 38. Kg2 Qf4 39. Qd6 Qg5+ 40. Kf2 Kg8 41. Qd5 Qh4+ 42. Kg2 Qg5+ 43. Kf2 Qh4+ 44. Kg2 Qg5+ 45. Kf2 1/2-1/2